 Dungeon Crawl Stone Soup version 0.13.0-18-g7b03ea5 (webtiles) character file.

181 Malachi the Shield-Bearer (level 3, 0/37 HPs)
             Began as a Troll Fighter on Oct 22, 2013.
             Slain by an orc wizard
             ... wielding a -1,+0 orcish dagger
              (3 damage)
             ... on Level 3 of the Dungeon.
             The game lasted 00:02:26 (1409 turns).

Malachi the Shield-Bearer (Troll Fighter)           Turns: 1409, Time: 00:02:26

HP   0/37        AC  5     Str 25      XL: 3   Next: 75%
MP   1/1         EV 13     Int  4      God:
Gold 123         SH 19     Dex 14      Spells:  0 memorised,  2 levels left

Res.Fire  : . . .   See Invis. : .     - Unarmed
Res.Cold  : . . .   Warding    : .   b - +0 robe
Life Prot.: . . .   Conserve   : .   c - +0 shield
Res.Poison: .       Res.Corr.  : .   (helmet restricted)
Res.Elec. : .       Clarity    : .   (no cloak)
Sust.Abil.: . .     Spirit.Shd : .   (gloves unavailable)
Res.Mut.  : .       Stasis     : .   (boots unavailable)
Res.Rott. : .       Flight     : .   (no amulet)
Gourmand  : +                        (no ring)
                                     (no ring)

@: agile, not resistant to hostile enchantments, stealthy
A: unfitting armour, claws 3, fast metabolism 3, gourmand, regeneration 2,
saprovore 2, tough skin 2, AC +1
a: no special abilities


You were on level 3 of the Dungeon.
You were very full.

You visited 1 branch of the dungeon, and saw 3 of its levels.

You collected 103 gold pieces.

Inventory:

Armour
 b - a +0 robe (worn)
 c - a +0 shield (worn)
Comestibles
 a - 2 meat rations
 m - a choko
 r - 2 rotting chunks of jackal flesh
 s - a chunk of adder flesh
 t - 15 strawberries
Scrolls
 d - a scroll of recharging {unknown}
 f - a scroll of random uselessness {unknown}
 h - 3 scrolls of remove curse {unknown}
 j - a scroll of fear {unknown}
 k - a scroll of teleportation {unknown}
 o - a scroll of curse jewellery {unknown}
 q - 3 scrolls of identify {unknown}
 u - a scroll of amnesia {unknown}
Jewellery
 g - an uncursed ring of wizardry {unknown}
 i - a +2 ring of evasion {unknown}
 n - an uncursed ring of fire {unknown}
Potions
 e - a potion of cure mutation {unknown}
 l - a potion of mutation {unknown}
 p - a potion of agility


   Skills:
 - Level 2.4 Fighting
 - Level 2.4 Dodging
 * Level 3.2 Shields
 * Level 3.2 Unarmed Combat


You had 2 spell levels left.
You didn't know any spells.

Dungeon Overview and Level Annotations

Branches:
Dungeon (3/27)

Altars:
Fedhas
Makhleb


Innate Abilities, Weirdness & Mutations

You are too large for most types of armour.
You have claws for hands.
Your metabolism is lightning-fast.
You like to eat raw meat.
You heal very quickly.
You can eat rotten meat.
You are covered in fur (AC +1).
You have very tough skin (AC +2).


Message History

It was a potion of agility.
You feel less confused. It hits you.
* * * LOW HITPOINT WARNING * * *
The orc priest barely misses you.
You hit the orc priest but do no damage.
The orc priest is heavily wounded.
You block its attack.
You hit the orc priest.
The orc priest is severely wounded.
You block the orc priest's attack. It hits you but does no damage.
You closely miss the orc priest.
The orc priest is almost dead.
The orc priest misses you. It hits you but does no damage.
You hit the orc priest.
The orc priest is almost dead.
The orc priest mumbles some strange prayers to Beogh.
You feel a wave of unholy energy pass over you.
It hits you.
You die...

..# #.# ##.##
#...# #...# #...#
######.#####...#
##......o[.......
#.$....@.........
....####.########
.. ..# ...# ....#
..##.. ... ... #
... ..#


You could see an orc priest (bleeding).

Vanquished Creatures
  An adder (D:2)
  3 giant geckos
  An ooze (D:2)
  2 orcs
  A ball python (D:1)
  7 hobgoblins
  2 kobolds (D:1)
  A quokka (D:2)
  10 bats
  2 giant newts (D:2)
  3 goblins
  4 jackals (D:2)
  5 rats
42 creatures vanquished.

Notes
Turn   | Place    | Note
--------------------------------------------------------------
     0 | D:1      | Malachi, the Troll Fighter, began the quest for the Orb.
     0 | D:1      | Reached XP level 1. HP: 23/23 MP: 0/0
   162 | D:1      | Reached XP level 2. HP: 31/31 MP: 0/0
   704 | D:2      | Found a burning altar of Makhleb.
   712 | D:2      | Reached skill level 3 in Shields
   786 | D:2      | Reached XP level 3. HP: 25/37 MP: 1/1
   903 | D:2      | Found a blossoming altar of Fedhas.
  1405 | D:3      | HP: 1/37 [something (3)]
  1409 | D:3      | Slain by an orc wizard

Action                   || total
-------------------------++-------
Melee: Unarmed           ||   108
  Use: Potion            ||     1
